MWL (24 & UNDER)
PLUMSTEAD EAGLES @ WISCONSIN RAPIDS RANGERS
08/08/2023
 
TOP OF THE 1ST
Plumstead Eagles batting - Pitching for Wisconsin Rapids Rangers : LHP Manuel Perea
Pitching: LHP Manuel Perea
Batting: RHB Tim Gardner 0-0: Ball
1-0: Ball
2-0: Ball
3-0: Base on Balls
Batting: LHB Richard Henry 0-0: Called Strike
0-1: Foul Ball, location: 2F
0-2: Ball
Balk!
Tim Gardner to second
1-2: Ball
2-2: Ball
3-2: Foul Ball, location: 2F
3-2: Foul Ball, location: 2F
3-2: Foul Ball, location: 2F
3-2: Base on Balls
Batting: LHB Eduardo Rodríguez 0-0: Ball
1-0: Ball
2-0: Called Strike
2-1: Ball
3-1: Foul Ball, location: 2F
3-2: Base on Balls
Tim Gardner to third
Richard Henry to second
Batting: SHB Nate Rhodes 0-0: Foul Ball, location: 2F
0-1: Ball
1-1: Foul Ball, location: 2F
1-2: Strikes out swinging
Batting: RHB Norogumi Tanaka 0-0: SINGLE (Groundball, 4D)
Tim Gardner scores
Richard Henry to third
Eduardo Rodríguez to second
Batting: RHB J.J. Leslie 0-0: Ball
1-0: Ball
2-0: Called Strike
2-1: Called Strike
2-2: Ball
3-2: Base on Balls
Richard Henry scores
Eduardo Rodríguez to third
Norogumi Tanaka to second
Batting: RHB Ron King 0-0: Ball
1-0: Ball
2-0: Foul Ball, location: 2F
2-1: Foul Ball, location: 2F
2-2: Ball
3-2: Base on Balls
Eduardo Rodríguez scores
Norogumi Tanaka to third
J.J. Leslie to second
Batting: RHB Pablo Villarreal 0-0: Called Strike
0-1: Ball
1-1: GRAND SLAM HOME RUN (Flyball, 78XD), Distance : 389 ft
Batting: RHB Louis Smith 0-0: Called Strike
0-1: Ball
1-1: Ball
2-1: Ball
3-1: Base on Balls
Batting: RHB Tim Gardner 0-0: Foul Ball, location: 2F
0-1: Ball
1-1: Swinging Strike
1-2: Foul Ball, location: 2F
1-2: Strikes out looking
Batting: LHB Richard Henry Pickoff Throw to First - Error! E1
Louis Smith to second
0-0: Ball
1-0: Ground out 4-3 (Groundball, 4)
Top of the 1st over - 7 run(s), 2 hit(s), 1 error(s), 1 left on base; Plumstead 7 - Wisconsin Rapids 0
BOTTOM OF THE 1ST
Wisconsin Rapids Rangers batting - Pitching for Plumstead Eagles : RHP Rich Townsley
Pitching: RHP Rich Townsley
Batting: LHB Ramón Córdova 0-0: Ball
1-0: Ball
2-0: Ball
3-0: Called Strike
3-1: Called Strike
3-2: Base on Balls
Batting: RHB James Green 0-0: Ball
1-0: SINGLE (Line Drive, 4MD)
Ramón Córdova to second
Batting: RHB Earl Conrad 0-0: Called Strike
0-1: Grounds into double play, 5-4-3 (Groundball, 56)
Ramón Córdova to third
Batting: RHB Danny Campbell 0-0: Swinging Strike
0-1: Ball
1-1: Called Strike
1-2: Foul Ball, location: 2F
1-2: SINGLE (Groundball, 4MD)
Ramón Córdova scores
Batting: RHB Robert Acosta 0-0: Called Strike
Danny Campbell is caught stealing 2nd base
Bottom of the 1st over - 1 run(s), 2 hit(s), 0 error(s), 0 left on base; Plumstead 7 - Wisconsin Rapids 1
TOP OF THE 2ND
Plumstead Eagles batting - Pitching for Wisconsin Rapids Rangers : LHP Manuel Perea
Batting: LHB Eduardo Rodríguez 0-0: Ball
1-0: Ball
2-0: Ground out 1-3 (Groundball, 15)
Batting: SHB Nate Rhodes 0-0: Ball
1-0: SINGLE (Groundball, 56D)
Batting: RHB Norogumi Tanaka 0-0: Ball
1-0: Ball
2-0: Ball
3-0: Base on Balls
Nate Rhodes to second
Batting: RHB J.J. Leslie 0-0: Swinging Strike
0-1: Swinging Strike
0-2: Foul Ball, location: 2F
0-2: Strikes out looking
Pitching: RHP Chuck Plummer
Batting: RHB Ron King 0-0: Ball
1-0: Called Strike
1-1: Ball
2-1: Ground out 5-3 (Groundball, 5)
Top of the 2nd over - 0 run(s), 1 hit(s), 0 error(s), 2 left on base; Plumstead 7 - Wisconsin Rapids 1
BOTTOM OF THE 2ND
Wisconsin Rapids Rangers batting - Pitching for Plumstead Eagles : RHP Rich Townsley
Batting: RHB Robert Acosta 0-0: Ball
1-0: Called Strike
1-1: Ball
2-1: Fly out, F8 (Flyball, 8RM)
Batting: RHB Arturo Rodríguez 0-0: Called Strike
0-1: Ball
1-1: Reached on error, E6 (Groundball, 6)
Batting: RHB John Denton 0-0: Foul Ball, location: 2F
0-1: Called Strike
0-2: Ball
1-2: Strikes out swinging
Batting: SHB José López 0-0: Called Strike
0-1: Foul Ball, location: 2F
0-2: Ball
1-2: Ball
2-2: Foul Ball, location: 2F
2-2: Foul Ball, location: 2F
2-2: Ball
3-2: Strikes out swinging
Bottom of the 2nd over - 0 run(s), 0 hit(s), 1 error(s), 1 left on base; Plumstead 7 - Wisconsin Rapids 1
TOP OF THE 3RD
Plumstead Eagles batting - Pitching for Wisconsin Rapids Rangers : RHP Chuck Plummer
Batting: RHB Pablo Villarreal 0-0: Called Strike
0-1: Foul Ball, location: 2F
0-2: Foul Ball, location: 2F
0-2: Fly out, F8 (Line Drive, 8LM)
Batting: RHB Louis Smith 0-0: Ball
1-0: Swinging Strike
1-1: Ball
2-1: Foul Ball, location: 2F
2-2: Ball
3-2: Strikes out swinging
Batting: RHB Tim Gardner 0-0: Ball
1-0: Swinging Strike
1-1: Called Strike
1-2: Foul Ball, location: 2F
1-2: Strikes out swinging
Top of the 3rd over - 0 run(s), 0 hit(s), 0 error(s), 0 left on base; Plumstead 7 - Wisconsin Rapids 1
BOTTOM OF THE 3RD
Wisconsin Rapids Rangers batting - Pitching for Plumstead Eagles : RHP Rich Townsley
Batting: LHB Ron Robinson 0-0: Called Strike
0-1: Foul Ball, location: 2F
0-2: Strikes out looking
Batting: LHB Ramón Córdova 0-0: Ball
1-0: Called Strike
1-1: Ball
2-1: Swinging Strike
2-2: Foul Ball, location: 2F
2-2: Strikes out swinging
Batting: RHB James Green 0-0: Called Strike
0-1: Swinging Strike
0-2: Ball
1-2: Ground out 1-3 (Groundball, 13)
Bottom of the 3rd over - 0 run(s), 0 hit(s), 0 error(s), 0 left on base; Plumstead 7 - Wisconsin Rapids 1
TOP OF THE 4TH
Plumstead Eagles batting - Pitching for Wisconsin Rapids Rangers : RHP Chuck Plummer
Batting: LHB Richard Henry 0-0: Ball
1-0: Ball
2-0: Called Strike
2-1: Ball
3-1: Base on Balls
Batting: LHB Eduardo Rodríguez 0-0: Ball
1-0: Fly out, F7 (Flyball, 7LM)
Batting: SHB Nate Rhodes 0-0: Called Strike
0-1: Ball
1-1: Foul Ball, location: 2F
1-2: Foul Ball, location: 2F
1-2: Strikes out looking
Batting: RHB Norogumi Tanaka 0-0: Ball
1-0: Ball
Richard Henry steals 2nd base
2-0: Ball
3-0: Called Strike
3-1: Foul Ball, location: 2F
3-2: Foul Ball, location: 2F
3-2: Strikes out swinging
Top of the 4th over - 0 run(s), 0 hit(s), 0 error(s), 1 left on base; Plumstead 7 - Wisconsin Rapids 1
BOTTOM OF THE 4TH
Wisconsin Rapids Rangers batting - Pitching for Plumstead Eagles : RHP Rich Townsley
Batting: RHB Earl Conrad 0-0: Ball
1-0: Called Strike
1-1: Called Strike
1-2: Ball
2-2: Foul Ball, location: 2F
2-2: Fly out, F9 (Flyball, 9D)
Batting: RHB Danny Campbell 0-0: Foul Ball, location: 2F
0-1: Swinging Strike
0-2: Ball
1-2: Ball
2-2: Foul Ball, location: 2F
2-2: Foul Ball, location: 2F
2-2: Strikes out looking
Batting: RHB Robert Acosta 0-0: Fly out, F8 (Flyball, 8LM)
Bottom of the 4th over - 0 run(s), 0 hit(s), 0 error(s), 0 left on base; Plumstead 7 - Wisconsin Rapids 1
TOP OF THE 5TH
Plumstead Eagles batting - Pitching for Wisconsin Rapids Rangers : RHP Chuck Plummer
Batting: RHB J.J. Leslie 0-0: Swinging Strike
0-1: Ground out 6-3 (Groundball, 6)
Batting: RHB Ron King 0-0: Ball
1-0: Fly out, F8 (Flyball, 8RXD)
Batting: RHB Pablo Villarreal 0-0: Foul Ball, location: 2F
0-1: Ball
1-1: Foul Ball, location: 2F
1-2: Ball
2-2: Ball
3-2: Strikes out looking
Top of the 5th over - 0 run(s), 0 hit(s), 0 error(s), 0 left on base; Plumstead 7 - Wisconsin Rapids 1
BOTTOM OF THE 5TH
Wisconsin Rapids Rangers batting - Pitching for Plumstead Eagles : RHP Rich Townsley
Batting: RHB Arturo Rodríguez 0-0: Hit by Pitch
Batting: RHB John Denton 0-0: Fly out, F9 (Flyball, 9M)
Batting: SHB José López 0-0: Foul Ball, location: 2F
0-1: Swinging Strike
0-2: Ball
1-2: Ball
2-2: DOUBLE (Flyball, 89XD)
Arturo Rodríguez to third
Batting: LHB Ron Robinson 0-0: Ball
1-0: Ball
2-0: Ball
3-0: Called Strike
3-1: Base on Balls
Batting: LHB Ramón Córdova 0-0: Ball
1-0: Called Strike
1-1: Swinging Strike
1-2: Ball
2-2: Strikes out looking
Batting: RHB James Green 0-0: Called Strike
0-1: Ball
1-1: Foul Ball, location: 2F
1-2: Ball
2-2: Strikes out swinging
Bottom of the 5th over - 0 run(s), 1 hit(s), 0 error(s), 3 left on base; Plumstead 7 - Wisconsin Rapids 1
TOP OF THE 6TH
Plumstead Eagles batting - Pitching for Wisconsin Rapids Rangers : RHP Chuck Plummer
Batting: RHB Louis Smith 0-0: Ball
1-0: Called Strike
1-1: Fly out, F4 (Popup, 4D)
Batting: RHB Tim Gardner 0-0: Ball
1-0: Fly out, F9 (Flyball, 9S)
Batting: LHB Richard Henry 0-0: Called Strike
0-1: Called Strike
0-2: Ball
1-2: Strikes out swinging
Top of the 6th over - 0 run(s), 0 hit(s), 0 error(s), 0 left on base; Plumstead 7 - Wisconsin Rapids 1
BOTTOM OF THE 6TH
Wisconsin Rapids Rangers batting - Pitching for Plumstead Eagles : RHP Rich Townsley
Batting: RHB Earl Conrad 0-0: Ball
1-0: Foul Ball, location: 2F
1-1: Called Strike
1-2: Strikes out looking
Pitching: RHP Aubrey Cote
Batting: RHB Danny Campbell 0-0: Called Strike
0-1: Foul Ball, location: 2F
0-2: Ball
1-2: Fly out, F6 (Popup, 5D)
Batting: RHB Robert Acosta 0-0: Ball
1-0: Foul Ball, location: 2F
1-1: Ball
2-1: Fly out, F5 (Line Drive, 5)
Bottom of the 6th over - 0 run(s), 0 hit(s), 0 error(s), 0 left on base; Plumstead 7 - Wisconsin Rapids 1
TOP OF THE 7TH
Plumstead Eagles batting - Pitching for Wisconsin Rapids Rangers : RHP Chuck Plummer
Pitching: RHP Juan Contreras
Batting: LHB Eduardo Rodríguez 0-0: Ball
1-0: SINGLE (Line Drive, 6MD)
Batting: SHB Nate Rhodes 0-0: Foul Ball, location: 2F
0-1: Ball
1-1: Grounds into double play, U6-3 (Groundball, 6)
Batting: RHB Norogumi Tanaka 0-0: Called Strike
0-1: Ball
1-1: Ground out 6-3 (Groundball, 6)
Top of the 7th over - 0 run(s), 1 hit(s), 0 error(s), 0 left on base; Plumstead 7 - Wisconsin Rapids 1
BOTTOM OF THE 7TH
Wisconsin Rapids Rangers batting - Pitching for Plumstead Eagles : RHP Aubrey Cote
Batting: RHB Arturo Rodríguez 0-0: Called Strike
0-1: Ball
1-1: Ball
2-1: Called Strike
2-2: Foul Ball, location: 2F
2-2: Ball
3-2: Strikes out swinging
Batting: RHB John Denton 0-0: Ball
1-0: Swinging Strike
1-1: SINGLE (Line Drive, 89S)
Batting: SHB José López 0-0: Called Strike
0-1: 2-RUN HOME RUN (Flyball, 9D), Distance : 349 ft
Batting: LHB Ron Robinson 0-0: Called Strike
0-1: Fly out, F7 (Flyball, 7M)
Batting: LHB Ramón Córdova 0-0: Called Strike
0-1: Ball
1-1: Foul Ball, location: 2F
1-2: Foul Ball, location: 2F
1-2: Fly out, F8 (Flyball, 8LS)
Bottom of the 7th over - 2 run(s), 2 hit(s), 0 error(s), 0 left on base; Plumstead 7 - Wisconsin Rapids 3
TOP OF THE 8TH
Plumstead Eagles batting - Pitching for Wisconsin Rapids Rangers : RHP Juan Contreras
Batting: RHB J.J. Leslie 0-0: SINGLE (Groundball, 13S) (infield hit)
Batting: RHB Ron King 0-0: Ball
1-0: Sac Bunt - play at first, batter OUT! 1-4
J.J. Leslie to second
Batting: RHB Pablo Villarreal 0-0: Ball
1-0: Swinging Strike
1-1: Ground out 6-3 (Groundball, 6)
Batting: RHB Louis Smith 0-0: Swinging Strike
0-1: Foul Ball, location: 2F
0-2: Strikes out swinging
Top of the 8th over - 0 run(s), 1 hit(s), 0 error(s), 1 left on base; Plumstead 7 - Wisconsin Rapids 3
BOTTOM OF THE 8TH
Wisconsin Rapids Rangers batting - Pitching for Plumstead Eagles : RHP Aubrey Cote
Batting: RHB James Green 0-0: Called Strike
0-1: Foul Ball, location: 2F
0-2: Fly out, F3 (Popup, 3SF)
Pitching: LHP Pat Bruce
Batting: RHB Earl Conrad 0-0: DOUBLE (Groundball, 5L)
Batting: RHB Danny Campbell 0-0: Ball
1-0: Called Strike
1-1: Foul Ball, location: 2F
1-2: Ball
2-2: Foul Ball, location: 2F
2-2: Strikes out swinging
Batting: RHB Robert Acosta 0-0: Ball
1-0: Ball
2-0: Ball
3-0: Reached on error, E5 (Groundball, 5)
Earl Conrad to third
Pitching: LHP Dave Watkins
Batting: RHB Arturo Rodríguez 0-0: Called Strike
0-1: Fielders Choice at 2nd, 6-4 (Groundball, 6)
Bottom of the 8th over - 0 run(s), 1 hit(s), 1 error(s), 1 left on base; Plumstead 7 - Wisconsin Rapids 3
TOP OF THE 9TH
Plumstead Eagles batting - Pitching for Wisconsin Rapids Rangers : RHP Juan Contreras
Batting: RHB Tim Gardner 0-0: Ball
1-0: Called Strike
1-1: Ball
2-1: Ball
3-1: Base on Balls
Batting: LHB Richard Henry 0-0: Ball
1-0: SINGLE (Line Drive, 7S)
Tim Gardner to second
Batting: LHB Eduardo Rodríguez 0-0: Ball
1-0: Fly out, F8 (Flyball, 8RM)
Batting: SHB Nate Rhodes 0-0: Foul Ball, location: 2F
0-1: Ball
Wild Pitch!
Tim Gardner to third
Richard Henry to second
1-1: Intentional Walk
Batting: RHB Norogumi Tanaka 0-0: Called Strike
0-1: Ball
1-1: Swinging Strike
1-2: Foul Ball, location: 2F
1-2: Foul Ball, location: 2F
1-2: Hit by Pitch
Tim Gardner scores
Richard Henry to third
Nate Rhodes to second
Batting: RHB J.J. Leslie 0-0: Ball
1-0: DOUBLE (Groundball, 5L)
Richard Henry scores
Nate Rhodes scores
Norogumi Tanaka to third
Runner from 3rd tries for Home, SAFE, no throw or cutoff
Batting: RHB Ron King 0-0: Ball
1-0: Fly out, F3 (Popup, 23F)
Batting: RHB Pablo Villarreal 0-0: Ball
1-0: Ball
2-0: Fly out, F8 (Flyball, 8LS)
Top of the 9th over - 4 run(s), 2 hit(s), 0 error(s), 1 left on base; Plumstead 11 - Wisconsin Rapids 3
BOTTOM OF THE 9TH
Wisconsin Rapids Rangers batting - Pitching for Plumstead Eagles : LHP Dave Watkins
Batting: RHB John Denton 0-0: Foul Ball, location: 2F
0-1: Foul Ball, location: 2F
0-2: Ball
1-2: Fly out, F7 (Line Drive, 7D)
Batting: SHB José López 0-0: Ball
1-0: Ground out 4-3 (Groundball, 34)
Batting: LHB Ron Robinson 0-0: Ball
1-0: Foul Ball, location: 2F
1-1: Ball
2-1: Called Strike
2-2: Ground out 6-3 (Groundball, 6M)
Bottom of the 9th over - 0 run(s), 0 hit(s), 0 error(s), 0 left on base; Plumstead 11 - Wisconsin Rapids 3
This league is powered by Out of the Park Baseball, the baseball management simulation game for PC, Mac and Linux
Wednesday, December 2nd, 2015 - OOTP Baseball 16.8 Build 38